 Dungeon Crawl Stone Soup version 0.28.0-45-g0d030f2227 (webtiles) character file.

Game seed: 9041573057095841645

223 Atherized the Chopper (level 5, -1/47 HPs)
             Began as a Minotaur Berserker on Apr 22, 2022.
             Was a Believer of Trog.
             Slain by a wight
             ... wielding a +0 battleaxe
              (9 damage)
             ... on level 3 of the Dungeon.
             The game lasted 00:04:39 (1648 turns).

Atherized the Chopper (Minotaur Berserker)          Turns: 1648, Time: 00:04:39

Health: -1/47      AC: 10    Str: 24    XL:     5   Next: 66%
Magic:  4/4        EV:  8    Int:  4    God:    Trog [**....]
Gold:   112        SH:  0    Dex:  9    Spells: 4/4 levels left

rFire   . . .      SeeInvis .   a - +0 hand axe
rCold   . . .      Faith    .   (no shield)
rNeg    . . .      Spirit   .   e - +1 chain mail
rPois   .          Reflect  .   (helmet restricted)
rElec   .          Harm     .   (no cloak)
rCorr   .          Rampage  .   (no gloves)
Will    .....                   (no boots)
Stlth   ..........              (no amulet)
HPRegen 0.15/turn               (no ring)
MPRegen 0.09/turn               (no ring)

@: on berserk cooldown, slowed, very slow
A: horns 2, retaliatory headbutt
a: Renounce Religion, Berserk, Trog's Hand


You were on level 3 of the Dungeon.
You worshipped Trog.
Trog was pleased with you.
You visited 1 branch of the dungeon, and saw 3 of its levels.

You collected 112 gold pieces.

Inventory:

Hand Weapons
 a - a +0 hand axe (weapon)
Armour
 b - a +0 animal skin
 c - a +0 scale mail
 e - a +1 chain mail (worn)
Scrolls
 d - a scroll of fear {unknown}
Potions
 f - a potion of flight {unknown}
 g - a potion of heal wounds {unknown}
 h - a potion of lignification {unknown}
 i - a potion of brilliance {unknown}


   Skills:
 + Level 4.7 Fighting
 + Level 6.1 Axes
 + Level 3.9 Armour
 + Level 2.7 Dodging


You had 4 spell levels left.
You didn't know any spells.
Your spell library was empty.

Dungeon Overview and Level Annotations

Branches:
Dungeon (3/15)

Altars:

Shops:
D:2 =


Innate Abilities, Weirdness & Mutations

You have a pair of horns on your head.
You reflexively headbutt those who attack you in melee.


Message History

The wight hits you from afar with a +1 spear!
There is a stone staircase leading down here.
A red film seems to cover your vision as you go berserk!
You feel yourself moving faster!
You feel mighty! The wight hits you but does no damage.
The wight hits you from afar with a +1 spear.
You feel drained.
You slash the wight!
The wight is heavily damaged.
The wight hits you with a +3 mace of freezing.
The wight freezes you. The wight barely misses you.
You barely miss the wight.
The wight is heavily damaged.
The wight barely misses you. You furiously retaliate!
You headbutt the wight!
You destroy the wight!
Trog accepts your kill.
Your life force feels restored.
The wight hits you with a +1 spear! The wight barely misses you.
There is a stone staircase leading down here.
Things that are here:
a +3 mace of freezing; a +0 robe You slash the wight!
You destroy the wight!
Trog accepts your kill.
You hit the wight but do no damage.
Your Axes skill increases to level 6!
The wight hits you with a +0 battleaxe!
* * * LOW HITPOINT WARNING * * *
Things that are here:
a +1 spear; a +0 robe You feel a strong urge to attack something.
The wight hits you with a +0 battleaxe!
* * * LOW HITPOINT WARNING * * *
You are no longer berserk.
You are exhausted.
You feel yourself slow down.
You slash the wight!
The wight is heavily damaged.
The wight hits you with a +0 battleaxe!
You die...

#.>..# ........
###....## #......
.'.....#### ####......
#.....#.. .(.......#
#.....#.#########.....#
#..$..#..<............#
#......#########.##....
#........# #.##...(
#.....@..# #.##....
#####)z..# ####.##....
#>#### #....##.... #.#
#....##....
######.#######....######
#..................#
#......#######.....#
........# ##....#
...###### #....#


You could see a wight.

Vanquished Creatures
  2 wights (D:3)
  Robin (D:2)
  A gnoll (D:1)
  4 adders
  An adder skeleton (D:3)
  3 worms (D:2)
  A dart slug (D:2)
  An orc (D:3)
  5 bats
  4 endoplasms
  12 goblins
  8 hobgoblins
  8 jackals
  2 kobolds
  A quokka (D:2)
  2 ball pythons
  A frilled lizard (D:2)
  13 rats
70 creatures vanquished.

Notes
Turn   | Place    | Note
-------+----------+-------------------------------------------
     0 | D:1      | Atherized the Minotaur Berserker began the quest for the
                  | Orb.
     0 | D:1      | Reached XP level 1. HP: 19/19 MP: 0/0
    75 | D:1      | Reached XP level 2. HP: 23/27 MP: 1/1
   112 | D:1      | Reached skill level 4 in Axes
   248 | D:1      | Reached XP level 3. HP: 14/34 MP: 2/2
   643 | D:2      | Reached ** piety under Trog
   719 | D:2      | Found Bujul's Jewellery Shoppe.
   774 | D:2      | Reached XP level 4. HP: 40/41 MP: 3/3
   795 | D:2      | Noticed Robin
   804 | D:2      | Reached skill level 5 in Axes
   823 | D:2      | Killed Robin
  1242 | D:2      | Found a faded altar of an unknown god.
  1578 | D:3      | Reached XP level 5. HP: 47/47 MP: 4/4
  1645 | D:3      | Reached skill level 6 in Axes
  1648 | D:3      | Slain by a wight

Illustrated notes

Levels and vault maps discovered:
D:1:      ncdulo_wetmaze, layout_basic, minmay_rat_gold_closets
D:2:      layout_rooms, serial_shops, nicolae_shop_hallway_plus,
          hellmonk_ecumenical_altar_run_dry, minmay_hedge_maze, uniq_robin
D:3:      layout_basic, chequers_mini_garden

Skill      XL: |  1  2  3  4  5 |
---------------+----------------+-----
Axes           | 4 5 6 |  6.1
Fighting       | 4 |  4.7
Armour         | 3 |  3.9
Dodging        | |  2.7

Action                   |  1- 3 |  4- 6 || total
-------------------------+-------+-------++-------
Melee: Hand axe          |    71 |    60 ||   131
       Headbutt          |     9 |     4 ||    13
       Punch             |     1 |       ||     1
Invok: Berserk           |     1 |     2 ||     3
  Use: Scroll            |       |     1 ||     1
Armor: Animal skin       |     2 |       ||     2
       Scale mail        |    39 |       ||    39
       Chain mail        |    10 |    45 ||    55
Dodge: Dodged            |    55 |    34 ||    89
